 Dungeon Crawl Stone Soup version 0.28.0-53-g5a82cb258f (webtiles) character file.

Game seed: 10247713681267267577

9 Sin92 the Magician (level 2, 0/20 HPs)
             Began as a Demonspawn Hedge Wizard on July 12, 2022.
             Slain by a kobold
             ... wielding a +1 short sword of venom
              (2 damage)
             ... on level 1 of the Dungeon.
             The game lasted 00:01:17 (204 turns).

Sin92 the Magician (Demonspawn Hedge Wizard)         Turns: 204, Time: 00:01:19

Health: 0/20       AC:  4    Str: 10    XL:     2   Next: 3%
Magic:  5/6        EV: 12    Int: 15    God:
Gold:   0          SH:  0    Dex: 12    Spells: 6/7 levels left

rFire   . . .      SeeInvis .   d - +0 whip
rCold   . . .      Faith    .   (no shield)
rNeg    . . .      Spirit   .   b - +0 robe
rPois   .          Reflect  .   c - +0 hat
rElec   .          Harm     .   (no cloak)
rCorr   .          Rampage  .   (no gloves)
Will    .....                   (no boots)
Stlth   ++........              (no amulet)
HPRegen 0.06/turn               (no ring)
MPRegen 0.10/turn               (no ring)

@: no status effects
A: yellow scales 1
a: no special abilities


You were on level 1 of the Dungeon.
You visited 1 branch of the dungeon, and saw 1 of its levels.

Inventory:

Hand Weapons
 a - a +0 dagger
 d - a +0 whip (weapon)
Armour
 b - a +0 robe (worn)
 c - a +0 hat (worn)


   Skills:
 + Level 0.4 Fighting
 + Level 0.2 Maces & Flails
 + Level 0.1 Armour
 + Level 1.8 Dodging
 + Level 1.9 Stealth
 + Level 3.0 Spellcasting
 + Level 1.1 Conjurations
 + Level 1.1 Summonings
 + Level 1.0 Translocations


You had 6 spell levels left.
You knew the following spells:

 Your Spells              Type           Power      Damage    Failure   Level
a - Magic Dart            Conj           20%        1d4       12%         1

Your spell library contained the following spells:

 Spells                   Type           Power      Damage    Failure   Level
 Call Imp                 Summ           5%         N/A       19%         2
 Slow                     Hex            8%         N/A       21%         1
 Blink                    Tloc           10%        N/A       21%         2
 Conjure Flame            Conj/Fire      4%         6-21      43%         3
 Mephitic Cloud           Conj/Pois/Air  3%         N/A       45%         3


Dungeon Overview and Level Annotations

Branches:
Dungeon (1/15)

Altars:


Innate Abilities, Weirdness & Mutations

You are partially covered in yellow scales. (AC +2)


Message History

The jackal bites your hobgoblin.
Your hobgoblin misses the jackal. The jackal bites your hobgoblin.
Your hobgoblin dies!
Your hobgoblin's corpse dissolves into shadows!
Your ball python barely misses the jackal.
Your ball python grabs the jackal.
Your ball python constricts the jackal.
The jackal bites you.
* * * LOW HITPOINT WARNING * * *
Your ball python bites the jackal.
Your ball python constricts the jackal.
You hit the jackal.
You kill the jackal!
You hit the ball python.
You kill the ball python!
You have reached level 2!
Your demonic ancestry asserts itself...
Yellow scales grow over part of your body.
e - a scroll labelled SIVVYFOLANE
As you read the scroll labelled SIVVYFOLANE, it crumbles to dust.
You feel strangely unstable.
It was a scroll of teleportation.
A kobold comes into view.
It is wielding a +1 short sword of venom.
Your hobgoblin dissolves into shadows!
Your surroundings seem slightly different.
The bat hits you but does no damage. The bat hits you.
* * * LOW HITPOINT WARNING * * *
Your ball python bites the bat.
Your ball python barely misses the bat.
The bat barely misses you. The bat hits your ball python.
Your ball python completely misses the bat.
Your ball python grabs the bat.
Your ball python constricts the bat.
The bat struggles to escape constriction.
The bat struggles to escape constriction. x2
Your ball python bites the bat.
Your ball python constricts the bat.
The bat dies!
Aiming: Magic Dart (safe; 12% risk of failure)
Press: ? - help, Q - select action Shift-Dir - straight line, f - kobold
Aim: a kobold, wielding a +1 short sword of venom (100% to hit)
The magic dart hits the kobold but does no damage.
The kobold hits you with a +1 short sword of venom.
You die...

#..........# .
#..⌠._.⌠...# ..
#..........# ...
#..8.⌠.8...#....
#..........†....
#.##............
#........)....##
##########....S.....#
#.....†..@K...†......#
#.##############......
#.# ...... #.###
...... #...# ......
#...# ..... #...#
#####.>.####
...........#


You could see a kobold (ally target) and a friendly ball python (summoned).

Vanquished Creatures
  A bat (D:1)
  3 jackals (D:1)
  A ball python (D:1)
  A kobold (D:1)
6 creatures vanquished.

Vanquished Creatures (collateral kills)
  2 bats (D:1)
  A goblin (D:1)
3 creatures vanquished.

Grand Total: 9 creatures vanquished

Notes
Turn   | Place    | Note
-------+----------+-------------------------------------------
     0 | D:1      | Sin92 the Demonspawn Hedge Wizard began the quest for the
                  | Orb.
     0 | D:1      | Reached XP level 1. HP: 13/13 MP: 4/4
   106 | D:1      | Found a faded altar of an unknown god.
   172 | D:1      | Reached skill level 1 in Translocations
   182 | D:1      | Gained mutation: You are partially covered in yellow
                  | scales. (AC +2) [demonic ancestry]
   182 | D:1      | Reached XP level 2. HP: 2/20 MP: 4/6
   204 | D:1      | Slain by a kobold

Illustrated notes

Levels and vault maps discovered:
D:1:      amcnicky_arrival_blooded_trapdoor, layout_basic,
          hellmonk_ecumenical_altar_dog_temple

Skill      XL: |  1 |
---------------+----+-----
Translocations | 1 |  1.0
Fighting       | |  0.4
Maces & Flails | |  0.2
Armour         | |  0.1
Dodging        | |  1.8
Stealth        | |  1.9
Spellcasting   | |  3.0
Conjurations   | |  1.1
Summonings     | |  1.1

Action                   || total
-------------------------++-------
Melee: Whip              ||    12
       Dagger            ||     3
 Cast: Magic Dart        ||     7
  Use: Scroll            ||     2
Armor: Robe              ||     2
Dodge: Dodged            ||    10
